General information
- name: BNet
- type: Ladder 1vs1/FFA
- host: Battle.net
- saver: PwnimusMaximus
map: TurtleRock
- players: 2
- length: 17:54
- speed: Fast
- version: 1.21 W3XP
- replay type: Public
» download(51 KB)
Players
team 1 (loser)
ChangYun-MYIDOL (
pink | 94 APM | 1531 actions | 16:15)
3 Death Knight
1 Death Coil
2 Unholy Aura
4 Dreadlord
2 Sleep
2 Vampiric Aura
» actions
| Assign group hotkey | 25 | |
| Basic commands | 32 | |
| Build / train | 69 | |
| Enter build submenu | 14 | |
| Enter hero's abilities submenu | 9 | |
| Give item / drop item | 3 | |
| Remove unit from queue | 3 | |
| Right click | 547 | |
| Select / deselect | 333 | |
| Select group hotkey | 461 | |
| Use ability | 35 | |
1531 total
» units
| Acolyte | 2 | |
| Ghoul | 11 | |
| Abomination | 2 | |
| Meatwagon | 6 | |
| Obsidian Statue | 3 | |
24 total
» upgrades
| Unholy Strength | 3 | |
| Unholy Armor | 3 | |
| Exhume Corpses | 1 | |
| Destroyer Form | 1 | |
8 total
» buildings
| Crypt | 2 | |
| Altar of Darkness | 1 | |
| Ziggurat | 7 | |
| Tomb of Relics | 1 | |
| Halls of the Dead | 3 | |
| Graveyard | 1 | |
| Black Citadel | 2 | |
| Slaughterhouse | 4 | |
21 total
» build order
00:07 Crypt
00:11 Altar of Darkness
00:14 Crypt
00:34 Ziggurat
00:53 Ziggurat
02:09 Tomb of Relics
03:39 Halls of the Dead
03:39 Halls of the Dead
03:39 Halls of the Dead
04:03 Graveyard
04:18 Ziggurat
04:42 Ziggurat
06:07 Black Citadel
06:08 Black Citadel
07:50 Slaughterhouse
07:53 Slaughterhouse
08:43 Slaughterhouse
08:43 Slaughterhouse
09:16 Ziggurat
11:03 Ziggurat
14:51 Ziggurat
» items
team 2 (winner)
PwnimusMaximus (
green | 42 APM | 757 actions | 17:54)
4 Blood Mage
2 Flame Strike
1 Siphon Mana
1 Banish
» actions
| Assign group hotkey | 23 | |
| Basic commands | 12 | |
| Build / train | 73 | |
| Enter build submenu | 37 | |
| Enter hero's abilities submenu | 5 | |
| Remove unit from queue | 1 | |
| Right click | 293 | |
| Select / deselect | 215 | |
| Select group hotkey | 37 | |
| Use ability | 61 | |
757 total
» units
| Peasant | 24 | |
| Mortar Team | 3 | |
| Dragonhawk Rider | 2 | |
| Priest | 1 | |
| Spell Breaker | 2 | |
| Flying Machine | 5 | |
| Gryphon Rider | 2 | |
39 total
» upgrades
| Masonry | 1 | |
| Flare | 1 | |
| Swords | 1 | |
| Armor | 1 | |
| Magic Sentry | 1 | |
| Priest Training | 2 | |
| Lumber Harvesting | 1 | |
| Flak Cannons | 1 | |
9 total
» buildings
| Altar of Kings | 1 | |
| Farm | 10 | |
| Lumber Mill | 1 | |
| Scout Tower | 13 | |
| Arcane Tower | 1 | |
| Arcane Vault | 2 | |
| Guard Tower | 7 | |
| Town Hall | 1 | |
| Keep | 1 | |
| Blacksmith | 1 | |
| Workshop | 1 | |
| Arcane Sanctum | 2 | |
| Castle | 1 | |
| Gryphon Aviary | 2 | |
44 total
» build order
00:10 Altar of Kings
00:12 Farm
00:17 Lumber Mill
00:53 Farm
01:17 Scout Tower
01:34 Farm
01:46 Arcane Tower
02:44 Farm
03:18 Arcane Vault
03:21 Scout Tower
03:50 Guard Tower
03:55 Scout Tower
04:26 Guard Tower
04:33 Scout Tower
05:04 Guard Tower
05:11 Scout Tower
06:03 Scout Tower
06:04 Scout Tower
06:05 Scout Tower
06:07 Scout Tower
06:08 Scout Tower
06:09 Scout Tower
06:10 Scout Tower
06:14 Town Hall
06:26 Farm
06:27 Guard Tower
06:39 Guard Tower
06:44 Guard Tower
06:57 Arcane Vault
07:32 Farm
08:23 Keep
08:43 Blacksmith
08:54 Scout Tower
09:22 Guard Tower
09:24 Farm
09:37 Farm
10:49 Workshop
10:56 Arcane Sanctum
10:58 Castle
11:02 Gryphon Aviary
11:05 Gryphon Aviary
11:22 Arcane Sanctum
12:50 Farm
12:53 Farm
» items
| Scroll of Regeneration | 1 | |
| Lesser Clarity Potion | 1 | |
| Staff of Teleportation | 1 | |
| Boots of Speed | 1 | |
| Potion of Lesser Invulnerability | 1 | |
| Scroll of Town Portal | 1 | |
6 total
Chat log
(00:36 / All) ChangYun-MYIDOL: hi
(00:37 / All) ChangYun-MYIDOL: from?
(00:39 / All) PwnimusMaximus: ireland
(00:40 / All) PwnimusMaximus: gl hf
(00:46 / All) ChangYun-MYIDOL: same
(00:49 / All) ChangYun-MYIDOL: whats your real acc?
(00:55 / All) PwnimusMaximus: this one
(00:59 / All) ChangYun-MYIDOL: k
(01:04 / All) ChangYun-MYIDOL: have u got enother?
(01:05 / All) ChangYun-MYIDOL: a*
(01:13 / All) PwnimusMaximus: why
(01:18 / All) ChangYun-MYIDOL: just ask
(02:00 / All) ChangYun-MYIDOL: LOL
(02:39 / All) ChangYun-MYIDOL: lol
(02:43 / All) ChangYun-MYIDOL: where is your army?
(07:27 / All) ChangYun-MYIDOL: lol?
(07:38 / All) ChangYun-MYIDOL: u noob/
(07:41 / All) PwnimusMaximus: manner
(09:22 / All) ChangYun-MYIDOL: u rly sux hard
(09:27 / All) PwnimusMaximus: manner pls
(09:30 / All) ChangYun-MYIDOL: ?
(11:23 / All) ChangYun-MYIDOL: lol?
(11:51 / All) ChangYun-MYIDOL: oO
(11:52 / All) PwnimusMaximus: sup
(12:07 / All) ChangYun-MYIDOL: but np
(12:26 / All) ChangYun-MYIDOL: didnt know u have it
(15:39 / All) ChangYun-MYIDOL: LOL?
(15:42 / All) ChangYun-MYIDOL: How?
(15:53 / All) ChangYun-MYIDOL: how
(15:54 / All) ChangYun-MYIDOL: Omfg?